 Dungeon Crawl Stone Soup version 0.20-a0-1127-g1289703 (webtiles) character file.

71 Lexie the Firebug (level 4, -5/27 HPs)
             Began as an Octopode Fire Elementalist on May 18, 2017.
             Slain by a gnoll
             ... wielding a +0 halberd
              (8 damage)
             ... on level 2 of the Dungeon.
             The game lasted 00:01:56 (1763 turns).

Lexie the Firebug (Octopode Fire Elementalist)      Turns: 1763, Time: 00:01:57

Health: -5/27      AC:  1    Str:  7    XL:     4   Next: 24%
Magic:  1/8        EV: 13    Int: 18    God:
Gold:   70         SH:  0    Dex: 12    Spells: 7/8 levels left

rFire    . . .     SeeInvis .   e - +0 dagger
rCold    . . .     Gourm    .   (no shield)
rNeg     . . .     Faith    .   (helmet restricted)
rPois    .         Spirit   .   (no amulet)
rElec    .         Reflect  .   (no ring)
rCorr    .         Harm     .   (no ring)
MR       .....                  (no ring)
Stlth    +++.......             (no ring)
Regen    0.1/turn               (no ring)
MPRegen  0.2/turn               (no ring)
                                (no ring)
                                (no ring)

@: very slightly contaminated
A: almost no armour, stealthy swim, amphibious, 8 rings, constrict 8, camouflage
1, gelatinous body 1
a: no special abilities


You were on level 2 of the Dungeon.
You were not hungry.

You visited 1 branch of the dungeon, and saw 2 of its levels.

You collected 70 gold pieces.

Inventory:

Hand Weapons
 e - a +0 dagger (weapon)
Scrolls
 f - 3 scrolls of teleportation {unknown}
 g - a scroll of amnesia {unknown}
 h - a scroll of fog {unknown}
 i - 2 scrolls of identify {unknown}
Potions
 k - a potion of heal wounds {unknown}
Books
 a - a book of Flames

   Spells                             Type                      Level
   a - Flame Tongue                   Conjuration/Fire             1
   b - Throw Flame                    Conjuration/Fire             2
   c - Conjure Flame                  Conjuration/Fire             3
   d - Inner Flame                    Hexes/Fire                   3
   e - Sticky Flame                   Conjuration/Fire             4
   f - Fireball                       Conjuration/Fire             5
Comestibles
 b - 3 bread rations
 c - 5 fruits
 d - a meat ration
 j - 3 chunks of flesh


   Skills:
 - Level 2.0 Dodging
 - Level 2.6 Stealth
 * Level 2.7 Spellcasting
 * Level 2.7 Conjurations
 + Level 3.4 Fire Magic


You had 7 spell levels left.
You knew the following spells:

 Your Spells              Type           Power        Failure   Level  Hunger
a - Flame Tongue          Conj/Fire      ##...        4%          1    None


Dungeon Overview and Level Annotations

Branches:
Dungeon (2/15)

Altars:


Innate Abilities, Weirdness & Mutations

You cannot wear most types of armour.
You are very stealthy in the water. (Stealth+)
You are amphibious.
You can wear up to eight rings at the same time.
You can use your tentacles to constrict eight enemies at once.
Your skin changes colour to match your surroundings (Stealth+).
Your rubbery body absorbs attacks. (AC +1, EV +1)


Message History

Confirm with . or Enter, or press ? or * to list all spells.
Aiming: Flame Tongue
Press: ? - help, Shift-Dir - straight line, f/p - gnoll
Aim: a gnoll, wielding a halberd (heavily wounded)
The flame tongue hits the gnoll.
The gnoll is severely wounded.
The adder hisses angrily.
The adder moves out of view.
You are too injured to fight recklessly!
You are too injured to fight recklessly!
You are too injured to fight recklessly!
You hit the gnoll but do no damage. You grab the gnoll.
The gnoll is severely wounded.
You constrict the gnoll. The gnoll hits you with a halberd!
* * * LOW HITPOINT WARNING * * *
You hit the gnoll.
The gnoll is almost dead.
You constrict the gnoll, but do no damage.
The gnoll hits you with a halberd!
You die...

...... ..... .... ... .... # #..
.... #.#####.# .... .....#.(##
... .........## #.#
#......?......@###.#
#.........#....g...#
#......#....(.....# #### .
#.......S..†#####.#### #... ..
#.......#............# #...
..##.......#............### #...
...##....#.###............####...
.................................
.###.[..#g.<.....................


You could see a gnoll and an adder.

Vanquished Creatures
  2 gnolls (D:2)
  An adder (D:2)
  A leopard gecko (D:1)
  2 giant cockroaches (D:1)
  8 hobgoblins
  9 kobolds
  7 bats
  A frilled lizard (D:2)
  7 goblins
  2 rats (D:1)
40 creatures vanquished.

Notes
Turn   | Place    | Note
-------+----------+-------------------------------------------
     0 | D:1      | Lexie the Octopode Fire Elementalist began the quest for the Orb.
     0 | D:1      | Reached XP level 1. HP: 11/11 MP: 3/3
   257 | D:1      | Reached XP level 2. HP: 16/17 MP: 0/5
   893 | D:1      | Reached XP level 3. HP: 15/21 MP: 0/6
  1383 | D:2      | Reached XP level 4. HP: 16/27 MP: 2/8
  1763 | D:2      | Slain by a gnoll

Vault maps used:
D:1:      lightli_arrival_maybe_door_vault
D:2:      cheibrodos_helix_gallery, lemuel_round_altar, grunt_ministairs_2

Skill      XL: |  1  2 |
---------------+-------+-----
Conjurations   | 2 |  2.7
Dodging        | |  2.0
Stealth        | |  2.6
Spellcasting   | |  2.7
Fire Magic     | |  3.4

Action                   |  1- 3 |  4- 6 || total
-------------------------+-------+-------++-------
Melee: Unarmed           |     3 |       ||     3
       Constrict         |     5 |     1 ||     6
       Dagger            |    12 |     2 ||    14
       Tentacles         |     4 |       ||     4
 Cast: Flame Tongue      |    51 |    16 ||    67
  Eat: Chunk             |     2 |     1 ||     3
Armor: Skin              |    10 |     1 ||    11
Dodge: Dodged            |    30 |     4 ||    34
